Map: Croisement de Kairos EC

Players

Sorandom

  • Race: Zerg Zerg
  • League: Diamond
  • Spawn Location: 5:00

IA (très facile) - Winner!

  • Race: Protoss Protoss
  • Spawn Location: 11:00

VOD

Have the link to the VOD?

Description

Time

  • Played on: April 7, 2019, 11:18 a.m.
  • Length: 4:30
Show
View Real Time Build Order
Export as new Build Order

Sorandom Zerg 

Build Orders: Pool Only 

Get SALT Encoding   

  12  4:21  Spawning Pool  
Show
View Real Time Build Order
Export as new Build Order

IA (très facile) Protoss - Winner!

Build Orders:  

Get SALT Encoding   

  12  0:00  Probe  
  13  0:13  Probe  
  14  0:20  Pylon  
  14  0:37  Assimilator  
  14  0:42  Gateway  
  14  0:46  Pylon  
  14  1:12  Assimilator  
  14  1:23  Probe  
  14  1:29  Zealot  
  14  1:31  Probe, Cybernetics Core  
  17  1:39  Probe  
  19  1:49  Probe  
  20  1:59  Probe  
  20  2:07  Probe  
  20  2:08  Warp Gate  
  22  2:43  Stalker  
Tags
 
League
Diamond
Matchup
PvZ
Opening
Pool Only
Replay Pack
Pack 2
Spawn Locations
Cross Positions
Add a new tag
Caveats
  • Supply blocks, unpowered buildings, or Contaminate may cause inaccurate times.
  • Supply counts are checked every 10 seconds.